 Dungeon Crawl Stone Soup version 0.31-a0-986-g5e6e4ef867 (webtiles) character file.

Game seed: 8491340327199619690

3490 wildpjah the Carver (level 10, -1/61 HPs)
             Began as a Tengu Monk on Nov 22, 2023.
             Was a High Priest of Okawaru.
             Slain by a yak (12 damage)
             ... on level 7 of the Dungeon.
             The game lasted 00:17:57 (6891 turns).

wildpjah the Carver (Tengu Monk)                    Turns: 6891, Time: 00:17:57

Health: -1/61      AC: 19    Str: 11    XL:     10   Next: 7%
Magic:  20/20      EV:  8    Int: 10    God:    Okawaru [*****.]
Gold:   891        SH:  0    Dex: 22    Spells: 9/9 levels left

rFire   . . .        b - +2 long sword (elec)
rCold   + . .        d - orb {light}
rNeg    . . .        g - +0 plate armour
rPois   .            (helmet restricted)
rElec   .            o - +1 cloak
rCorr   +            q - +2 pair of gloves of Peiw {Contam rCorr MP+9}
SInv    .            (boots unavailable)
Will    .....        s - amulet of faith Stlth
                     e - ring of resist corrosion
HPRegen 0.30/turn    f - ring of protection from cold
MPRegen 0.17/turn

%: acrobat, faith
@: flying, glowing
A: beak, talons 3, evasive flight, acrobatic
a: Renounce Religion, Heroism, Finesse, Duel


You were on level 7 of the Dungeon.
You worshipped Okawaru.
Okawaru was extremely pleased with you.
You visited 2 branches of the dungeon, and saw 9 of its levels.

You collected 1123 gold pieces.
You spent 232 gold pieces at shops.

Inventory:

Hand Weapons
 a - a +1 falchion
 b - a +2 long sword of electrocution (weapon)
 i - a +1 short sword of freezing
 x - a +0 falchion
Missiles
 z - a throwing net
Armour
 d - an orb of light (worn)
 g - a +0 plate armour (worn)
 o - a +1 cloak (worn)
 q - the +2 pair of gloves of Peiw (worn) {Contam rCorr MP+9}
   (You acquired it on level 3 of the Dungeon)

   MP+9:      It affects your magic capacity (+9).
   Contam:    It causes magical contamination when unequipped.
   rCorr:     It protects you from acid and corrosion.
Jewellery
 e - a ring of resist corrosion (left hand)
 f - a ring of protection from cold (right hand)
 s - an amulet of faith (around neck)
 w - a ring of ice
Scrolls
 j - 2 scrolls of teleportation
 m - a scroll of identify
 n - 3 scrolls of fear
 u - 2 scrolls of enchant armour
 y - 2 scrolls of immolation
Potions
 c - 3 potions of ambrosia
 h - 2 potions of curing
 k - a potion of magic
 l - a potion of cancellation
 p - a potion of might {unknown}
 r - 2 potions of brilliance {unknown}
 t - 2 potions of lignification {unknown}
 v - a potion of invisibility {unknown}
 A - a potion of attraction {unknown}


   Skills:
 + Level 6.5 Fighting
 + Level 11.4 Long Blades
 + Level 7.7 Armour
 + Level 4.6 Dodging
 + Level 1.0 Stealth
 + Level 0.7 Invocations


You had 9 spell levels left.
You didn't know any spells.
Your spell library contained the following spells:

 Spells                   Type           Power      Damage    Failure   Level
 Static Discharge         Conj/Air       0%         3-3/arc   100%        2
 Frozen Ramparts          Ice            0%         1d1       100%        3
 Airstrike                Air            0%         2d(0-16)  100%        4
 Petrify                  Tmut/Erth      0%         N/A       100%        4
 Metabolic Englaciation   Hex/Ice        0%         N/A       100%        5
 Summon Lightning Spire   Summ/Air       Unusable   N/A       N/A         4

Dungeon Overview and Level Annotations

Branches:
Dungeon (8/15)             Temple (1/1) D:4
   Lair: D:8-11

Altars:
Ashenzari
Cheibriados
Dithmenos
Elyvilon
Fedhas
Gozag
Hepliaklqana
Kikubaaqudgha
Makhleb
Nemelex Xobeh
Okawaru
Ru
Sif Muna
Trog
Wu Jian
Yredelemnul
The Shining One

Shops:
D:7 ?

Annotations:
D:6 2 transporters, croobank's ghost, novice DrSh


Innate Abilities, Weirdness & Mutations

You have a beak for a mouth.
You have claws for feet.
Your magical flight helps you evade attacks. (EV +4)
You can magically evade attacks while moving or waiting.


Message History

The yak attacks as it pursues you! The yak misses you.
The yak attacks as it pursues you! The yak completely misses you.
The yak attacks as it pursues you! The yak completely misses you.
The yak attacks as it pursues you! The yak barely misses you.
The yak attacks as it pursues you! The yak misses you.
The yak attacks as it pursues you! The yak misses you.
The yak attacks as it pursues you! The yak closely misses you.
The yak attacks as it pursues you! The yak completely misses you.
The yak attacks as it pursues you! The yak barely misses you.
The yak attacks as it pursues you! The yak completely misses you.
You slice the yak!! Lightning courses through the yak!
You kill the yak!
Okawaru accepts your kill. The yak gores you.
You hit the yak.
The yak is lightly wounded.
The yak attacks as it pursues you! The yak gores you but does no damage.
The yak attacks as it pursues you! The yak gores you.
The yak attacks as it pursues you! The yak misses you.
You see here a +0 dagger.
The yak misses you. The yak attacks as it pursues you! The yak misses you.
The yak attacks as it pursues you! The yak misses you.
There is a stone staircase leading up here.
You fly upwards.
There is a stone staircase leading down here.
You slash the yak!
The yak is moderately wounded.
The yak gores you!
* * * LOW HITPOINT WARNING * * *
You hit the yak. You claw the yak, but do no damage.
The yak is moderately wounded.
The yak gores you but does no damage.
You hit the yak. You claw the yak. You peck the yak.
The yak is moderately wounded.
The yak gores you but does no damage.
You slash the yak! You claw the yak.
The yak is severely wounded.
The yak gores you!
You die...

##.##.# #..............).).....
##.##.#####..####[(......########
#...#.##).......#.##.......#
..)..........##.#.##...#.#.#
#...#.##.##.###.#.######.#.#
##.......##<###.#.### #.#[#####
##.##...............# #.#.)...##
##..###...%.....#Y#.####.#.#.....
##..###..#####..@.#.........)#.##
.......(...<......###(...........
....###..#####...## #.##.......#.
##..# #..######.## #.#..<....##.
)...# #.........# #..........#.
)...# #.######### #.#.(.....##.
##.## #.# #.##.....###. ...# #.#
#.###....# #. ##.# #.# #.# ##.#.#
#)


You could see a yak.

Vanquished Creatures
  Prince Ribbit (D:5)
  Sigmund (D:4)
  A wraith (D:5)
  2 yaks (D:8)
  Eustachio (D:4)
  4 water moccasins
  An orc warrior (D:7)
  A sky beast (D:7)
  An ice beast (D:6)
  An ogre (D:7)
  3 phantoms
  3 kobold brigands
  2 bullfrogs
  4 scorpions
  A howler monkey (D:5)
  A jelly (D:7)
  4 orc priests
  A gnoll bouda (D:7)
  2 sleepcaps
  An iguana (D:5)
  8 orc wizards
  A mummy (D:5)
  16 gnolls
  14 adders
  2 shadow imps (D:7)
  3 ufetubi
  2 worms
  The ghost of croobank the Sneak, a weakling DsDe (D:5)
  A dart slug (D:1)
  19 orcs
  10 ball pythons
  5 endoplasms
  3 giant cockroaches
  10 goblins
  4 hobgoblins
  8 jackals
  31 kobolds
  6 quokkas
  3 bats
  7 frilled lizards
  3 hobgoblin zombies (D:5)
  A kobold zombie (D:5)
  6 rats
200 creatures vanquished.

Notes
Turn   | Place    | Note
-------+----------+-------------------------------------------
     0 | D:1      | wildpjah the Tengu Monk began the quest for the Orb.
     0 | D:1      | Reached XP level 1. HP: 14/14 MP: 2/2
    93 | D:1      | Reached XP level 2. HP: 19/19 MP: 3/3
   240 | D:1      | Reached XP level 3. HP: 23/23 MP: 4/4
  1053 | D:2      | Reached skill level 4 in Long Blades
  1248 | D:2      | Reached XP level 4. HP: 26/28 MP: 5/5
  1916 | D:3      | Identified a scroll of acquirement
  1916 | D:3      | Acquired the +2 pair of gloves of Peiw {Contam rCorr MP+9}
  2134 | D:3      | Reached skill level 5 in Long Blades
  2134 | D:3      | Reached XP level 5. HP: 33/33 MP: 6/6
  2139 | D:3      | Reached skill level 1 in Armour
  2323 | D:3      | Found a faded altar of an unknown god.
  2461 | D:4      | Reached XP level 6. HP: 38/38 MP: 7/7
  2574 | D:4      | Found a staircase to the Ecumenical Temple.
  2620 | Temple   | Entered the Ecumenical Temple
  2702 | Temple   | Became a worshipper of Warmaster Okawaru
  2702 | Temple   | Reached * piety under Okawaru
  2702 | Temple   | Reached ** piety under Okawaru
  3075 | D:4      | Noticed Sigmund
  3092 | D:4      | Killed Sigmund
  3093 | D:4      | Reached skill level 6 in Long Blades
  3093 | D:4      | Gained mutation: Your magical flight helps you evade
                  | attacks. (EV +4) [Tengu growth]
  3093 | D:4      | Reached XP level 7. HP: 42/44 MP: 8/8
  3999 | D:5      | Entered Level 5 of the Dungeon
  4015 | D:5      | Noticed a wraith
  4030 | D:4      | Reached skill level 7 in Long Blades
  4175 | D:5      | Found a runed translucent gate.
  4215 | D:5      | Noticed Eustachio
  4237 | D:4      | Reached XP level 8. HP: 29/48 MP: 9/9
  4261 | D:4      | Killed Eustachio
  4262 | D:4      | Reached skill level 5 in Fighting
  4332 | D:4      | Acquired 742 gold pieces
  4435 | D:5      | Reached skill level 8 in Long Blades
  4489 | D:5      | Reached skill level 5 in Armour
  4633 | D:5      | Found a runed translucent gate.
  4635 | D:5      | Found a runed translucent gate.
  4642 | D:5      | Noticed croobank's ghost (weakling DsDe)
  4647 | D:5      | Killed croobank's ghost
  4652 | D:5      | Noticed Prince Ribbit
  4663 | D:5      | Killed Prince Ribbit
  4663 | D:5      | Reached *** piety under Okawaru
  4686 | D:5      | Killed a wraith
  4687 | D:5      | Reached skill level 9 in Long Blades
  4808 | D:5      | Reached XP level 9. HP: 47/55 MP: 10/10
  5151 | D:6      | Reached **** piety under Okawaru
  5184 | D:6      | Found a transporter.
  5208 | D:6      | Noticed croobank's ghost (novice DrSh)
  5323 | D:6      | Found a transporter.
  5561 | D:6      | Reached skill level 10 in Long Blades
  5939 | D:7      | Reached skill level 1 in Stealth
  6434 | D:7      | Found Qestricakh's Magic Scroll Boutique.
  6441 | D:7      | Bought a scroll of fear for 64 gold pieces
  6441 | D:7      | Bought a scroll of teleportation for 48 gold pieces
  6441 | D:7      | Bought a scroll of enchant weapon for 120 gold pieces
  6568 | D:7      | Reached skill level 11 in Long Blades
  6862 | D:8      | Reached ***** piety under Okawaru
  6863 | D:8      | Reached XP level 10. HP: 37/61 MP: 11/11
  6891 | D:7      | Slain by a yak

Illustrated notes

Levels and vault maps discovered:
D:1:      dpeg_arrival_more_subterranean_lakeside_camping, layout_basic,
          lexackson_kobold_supper
D:2:      layout_basic
D:3:      layout_basic, portal_sewer_entry_e, shapermc_ecumenical_altar_petra
D:4:      layout_layer_cave, minmay_temple_entry_tees, serial_bayou_crossing,
          uniq_sigmund
D:5:      layout_cave_pools, ebering_ghost_rock_garden, minmay_mini_ossuary,
          uniq_prince_ribbit1, uniq_eustachio
D:6:      layout_cave_pools, gammafunk_ghost_stat_death,
          kennysheep_generic_room_6
D:7:      layout_loops_ring, serial_shops, shop, nicolae_the_louvre
D:8:      layout_cave_pools, minmay_overflow_temple_star_quad,
          erik_lair_orcish_takeover, kennysheep_windowed_goal
Temple:   minmay_temple_bridge_d

Skill      XL: |  1  2  3  4  5  6  7  8  9 |
---------------+----------------------------+-----
Dodging        | 4 |  4.6
Long Blades    | 4 5 6 7 9 11 | 11.4
Armour         | 1 3 4 5 7 |  7.7
Fighting       | 4 5 6 |  6.5
Stealth        | 1 |  1.0
Invocations    | |  0.7

Action                     |  1- 3 |  4- 6 |  7- 9 | 10-12 || total
---------------------------+-------+-------+-------+-------++-------
  Melee: Falchion          |    69 |   135 |   182 |       ||   386
         Kick              |    19 |    41 |   114 |     4 ||   178
         Peck              |     6 |    27 |    67 |     1 ||   101
         Long sword        |       |       |   116 |     7 ||   123
 Invoke: Heroism           |       |     2 |     2 |       ||     4
    Use: Scroll            |       |     2 |    15 |       ||    17
 Armour: Robe              |     2 |       |       |       ||     2
         Plate armour      |    40 |   113 |   217 |    10 ||   380
  Dodge: Dodged            |    33 |    51 |   132 |    14 ||   230

Table legend: (Time is in decaauts)
 A = Elapsed time spent in this place.
 B = Non-inter-level travel time spent in this place.
 C = Inter-level travel time spent in this place.
 D = Time resting spent in this place.
 E = Time spent auto-exploring this place.
 F = Levels seen in this place.
 G = Mean time per level.
                   A        B        C        D        E       F      G
               +--------+--------+--------+--------+--------+-----+--------+
         Total |   6865 |   6508 |    357 |    202 |   5074 |   9 |  762.8 |
       Dungeon |   6708 |   6496 |    212 |    202 |   5074 |   8 |  838.5 |
        Temple |    157 |     12 |    145 |      0 |      0 |   1 |  157.0 |
               +--------+--------+--------+--------+--------+-----+--------+

Top non-repeatable levels by time:
     D:4: 1761 daAuts
     D:2: 1043 daAuts
     D:7: 1039 daAuts
     D:1: 880 daAuts
     D:5: 776 daAuts
     D:6: 630 daAuts
     D:3: 477 daAuts
  Temple: 157 daAuts
     D:8: 99 daAuts
